 Dungeon Crawl Stone Soup version 0.26-a0-451-gacbe401039 (webtiles) character file.

Game seed: 5386388534966135977

7476 Morbidden the Thaumaturge (level 11, -2/56 HPs)
             Began as a Vine Stalker Conjurer on July 28, 2020.
             Was a Believer of Cheibriados.
             Slain by a yak (10 damage)
             ... on level 10 of the Dungeon.
             The game lasted 00:33:43 (13700 turns).

Morbidden the Thaumaturge (Vine Stalker Conjurer)  Turns: 13700, Time: 00:33:44

Health: -2/56      AC:  9    Str: 14 (16) XL:     11   Next: 15%
Magic:  0/24       EV: 15    Int: 26 (27) God:    Cheibriados [**....]
Gold:   378        SH:  5    Dex: 16 (19) Spells: 20/27 levels left

rFire    . . .     SeeInvis .   l - +9 staff of Olgreb {rPois∞}
rCold    + . .     Faith    .   D - +0 buckler
rNeg     . . .     Spirit   +   a - +0 steam dragon scales
rPois    ∞         Reflect  .   b - +0 helmet
rElec    .         Harm     .   P - +0 cloak
rCorr    .                      h - +0 pair of gloves
MR       +....                  A - +0 pair of boots
Stlth    +++.......             (no amulet)
HPRegen  0.58/turn              z - ring of protection from cold
MPRegen  0.19/turn              v - ring of wizardry

@: very slow
A: fangs 3, regeneration 1, magic shield, antimagic bite, no potion heal 3, rot
immunity
a: Bend Time, Renounce Religion


You were on level 10 of the Dungeon.
You worshipped Cheibriados.
Cheibriados was pleased with you.
You visited 2 branches of the dungeon, and saw 12 of its levels.
You also visited: Sewer.

You collected 378 gold pieces.

Inventory:

Hand Weapons
 l - the +9 staff of Olgreb (weapon) {rPois∞}
   (You found it on level 5 of the Dungeon)

   It grants immunity to poison.
Missiles
 M - a throwing net (quivered)
 R - 2 boomerangs of dispersal
Armour
 a - +0 steam dragon scales (worn)
 b - a +0 helmet (worn)
 h - a +0 pair of gloves (worn)
 A - a +0 pair of boots (worn)
 D - a +0 buckler (worn)
 P - a +0 cloak (worn)
Magical Staves
 N - an uncursed staff of cold
Jewellery
 n - an uncursed ring of protection from magic
 v - a ring of wizardry (right hand)
 z - a ring of protection from cold (left hand)
 C - an uncursed ring of positive energy
 Q - an uncursed ring of protection from cold
Wands
 g - a wand of flame (13)
 q - a wand of polymorph (8)
 t - a wand of disintegration (16)
 G - a wand of paralysis (13)
 I - a wand of iceblast (13)
Scrolls
 d - 2 scrolls of remove curse
 i - a scroll of immolation
 m - 5 scrolls of teleportation
 x - a scroll of enchant armour
 B - 3 scrolls of enchant weapon
 E - 2 scrolls of magic mapping
 H - a scroll of amnesia
 K - 2 scrolls of identify
 L - a scroll of noise {unknown}
Potions
 c - 2 potions of flight
 e - 3 potions of haste
 f - a potion of curing
 j - 3 potions of degeneration
 k - 2 potions of stabbing
 o - 3 potions of heal wounds
 p - a potion of invisibility
 s - 3 potions of resistance {unknown}
 u - 2 potions of mutation {unknown}
 w - 3 potions of brilliance {unknown}
 F - a potion of experience {unknown}
 J - a potion of lignification {unknown}
 O - a potion of magic {unknown}


   Skills:
 * Level 5.5 Fighting
 + Level 3.3 Staves
 * Level 4.4 Dodging
 - Level 3.5 Stealth
 - Level 4.0 Shields
 + Level 1.0 Unarmed Combat
 * Level 8.7 Spellcasting
 + Level 7.2 Conjurations
 + Level 0.3 Translocations
 * Level 4.0 Invocations
 * Level 6.6 Evocations


You had 20 spell levels left.
You knew the following spells:

 Your Spells              Type           Power        Failure   Level
a - Magic Dart            Conj           ####         1%          1
b - Searing Ray           Conj           #####.       1%          2
z - Iskenderun's Mystic   Conj/Tloc      ####....     4%          4

Your spell library contained the following spells:

 Spells                   Type           Power        Failure   Level
 Dazzling Flash           Conj/Hex       ####..       1%          3
 Animate Skeleton         Necr           ##....       2%          1
 Freeze                   Ice            ##..         2%          1
 Pain                     Necr           ##..         2%          1
 Fulminant Prism          Conj/Hex       ####......   4%          4
 Hailstorm                Conj/Ice       ####....     4%          4
 Frozen Ramparts          Ice            ##....       6%          3
 Ozocubu's Armour         Ice            ##......     6%          3
 Vampiric Draining        Necr           ##........   6%          3
 Animate Dead             Necr           ##........   21%         4
 Summon Ice Beast         Ice/Summ       ##......     21%         4
 Agony                    Necr           ##......     47%         5


Dungeon Overview and Level Annotations

Branches:
Dungeon (11/15)            Temple (1/1) D:7            Lair (0/6) D:10
    Orc (0/2) D:9           Sewer (visited)

Altars:
Ashenzari
Cheibriados
Dithmenos
Fedhas
Hepliaklqana
Kikubaaqudgha
Nemelex Xobeh
Qazlal
Ru
Trog
Uskayaw
Vehumet
Xom
Yredelemnul
The Shining One

Shops:
D:10 (

Annotations:
D:8 Joseph


Innate Abilities, Weirdness & Mutations

You have razor-sharp teeth.
Your natural rate of healing is unusually fast.
When hurt, damage is shared between your health and your magic reserves.
Your bite disrupts and absorbs the magic of your enemies.
Potions cannot restore your health.
You are immune to rotting.


Message History

Unknown command.
Unknown command.
Unknown command.
Unknown command.
You begin to radiate toxic energy.
The yak looks even sicker.
The yak looks as sick as possible! x3; The yak looks even sicker.
The yak looks as sick as possible! x2; The yak gores you!
The yak completely misses you. The yak gores you!
* * * LOW HITPOINT WARNING * * *
The yak gores you!
* * * LOW HITPOINT WARNING * * *
Unknown command.
Unknown command.
Unknown command.
Unknown command.
Unknown command.
The yak looks as sick as possible! x3
Your toxic aura wanes.
You block the yak's attack. The yak closely misses you. The yak gores you!
You die...

.... .... ....
.... ....
##+######+####
####
+............#
#....Y.......#
#...YY@......#
#.##.Y####+###
#.†### #....#
#.>..# #....#
######


You could see 4 yaks.

Vanquished Creatures
  A two-headed ogre (D:8)
  A death yak (D:10)
  An ugly thing (D:9)
  Maurice (D:9)
  A gargoyle (D:10)
  Maggie (D:9)
  Psyche (D:9)
  2 hippogriffs (D:8)
  5 orc warriors
  An eye of draining (D:6)
  2 ice beasts
  3 sky beasts
  8 ogres
  A black bear (D:8)
  2 centaurs
  Blork the orc (D:6)
  5 bullfrogs
  A gnoll sergeant (D:8)
  A scorpion (D:11)
  5 howler monkeys
  2 centaur zombies
  3 bullfrog zombies
  5 orc priests
  5 hounds
  2 bullfrog skeletons
  Ijyb (D:3)
  2 iguanas
  10 orc wizards
  11 worker ants
  A killer bee zombie (D:6)
  A hound skeleton (D:6)
  A howler monkey zombie (D:8)
  11 gnolls
  A howler monkey skeleton (D:11)
  15 adders
  A river rat (D:10)
  5 white imps
  2 ufetubi
  An ooze (D:1)
  3 worms
  An adder skeleton (D:8)
  An adder zombie (D:7)
  4 dart slugs
  11 leopard geckos
  27 orcs
  5 ball pythons
  12 bats
  7 giant cockroaches
  8 goblins
  7 hobgoblins
  4 jackals (D:3)
  4 quokkas
  19 frilled lizards
  A giant cockroach zombie (D:6)
  5 kobolds
  A leopard gecko skeleton (D:5)
  A quokka zombie (D:5)
  4 rats
249 creatures vanquished.

Notes
Turn   | Place    | Note
-------+----------+-------------------------------------------
     0 | D:1      | Morbidden the Vine Stalker Conjurer began the quest for the
                  | Orb.
     0 | D:1      | Reached XP level 1. HP: 9/9 MP: 4/4
   207 | D:1      | Reached XP level 2. HP: 13/13 MP: 4/6
   211 | D:1      | Learned a level 2 spell: Searing Ray
  1254 | D:2      | Reached XP level 3. HP: 17/17 MP: 3/7
  1444 | D:2      | Reached skill level 1 in Fighting
  1444 | D:2      | Gained mutation: Your natural rate of healing is unusually
                  | fast. [Vine Stalker growth]
  1444 | D:2      | Reached XP level 4. HP: 22/22 MP: 4/9
  2279 | D:3      | Noticed Ijyb
  2285 | D:3      | Killed Ijyb
  2285 | D:3      | Reached skill level 3 in Spellcasting
  2285 | D:3      | Reached skill level 5 in Conjurations
  2294 | D:3      | Reached XP level 5. HP: 24/25 MP: 0/10
  3359 | D:3      | Reached XP level 6. HP: 30/30 MP: 4/12
  3620 | D:4      | Reached skill level 4 in Spellcasting
  4724 | D:4      | Reached XP level 7. HP: 33/35 MP: 10/15
  4986 | D:5      | Entered Level 5 of the Dungeon
  5028 | D:5      | Reached skill level 5 in Spellcasting
  5084 | D:5      | Found the +9 staff of Olgreb {rPois∞}
  5121 | D:5      | Learned a level 4 spell: Iskenderun's Mystic Blast
  5354 | D:5      | Found a glowing drain.
  5363 | D:5      | Reached skill level 1 in Evocations
  5377 | Sewer    | Entered a sewer
  5915 | Sewer    | Reached skill level 6 in Spellcasting
  5923 | Sewer    | Gained mutation: You have razor-sharp teeth. [Vine Stalker
                  | growth]
  5923 | Sewer    | Reached XP level 8. HP: 19/40 MP: 2/18
  7182 | D:6      | Reached skill level 1 in Unarmed Combat
  7214 | D:6      | Reached skill level 1 in Shields
  7676 | D:6      | Noticed Blork the orc
  7690 | D:6      | Killed Blork the orc
  7791 | D:6      | Found a sparkling altar of Nemelex Xobeh.
  7819 | D:6      | Reached skill level 1 in Staves
  8000 | D:6      | Reached skill level 7 in Spellcasting
  8104 | D:6      | Reached XP level 9. HP: 45/45 MP: 20/20
  8574 | D:7      | Got a dazzling hunting sling
  8576 | D:7      | Identified the cursed +2 hunting sling of Distraction
                  | {vorpal, rN+++ Str+3} (You found it on level 7 of the
                  | Dungeon)
  8805 | D:7      | Found a bloodstained altar of Trog.
  8959 | D:7      | Found a staircase to the Ecumenical Temple.
  8972 | Temple   | Entered the Ecumenical Temple
  8994 | Temple   | Became a worshipper of Cheibriados the Contemplative
  9388 | D:8      | Noticed a two-headed ogre
  9607 | D:8      | Reached skill level 1 in Invocations
  9896 | D:8      | Reached * piety under Cheibriados
 10189 | D:8      | Killed a two-headed ogre
 10189 | D:8      | Reached skill level 8 in Spellcasting
 10189 | D:8      | Reached XP level 10. HP: 51/51 MP: 2/23
 10367 | D:8      | Reached skill level 5 in Evocations
 10572 | D:8      | Noticed Joseph
 11125 | D:9      | Noticed Psyche
 11131 | D:9      | Killed Psyche
 11131 | D:9      | Reached skill level 5 in Fighting
 11236 | D:9      | Noticed Maggie
 11248 | D:9      | Killed Maggie
 11718 | D:9      | Noticed a brown ugly thing
 11737 | D:9      | Found a staircase to the Orcish Mines.
 11761 | D:9      | Reached ** piety under Cheibriados
 12057 | D:9      | Killed a brown ugly thing
 12427 | D:9      | Noticed Maurice
 12453 | D:9      | Killed Maurice
 12580 | D:10     | Entered Level 10 of the Dungeon
 12598 | D:10     | Noticed a death yak
 12613 | D:10     | Killed a death yak
 12613 | D:10     | Reached XP level 11. HP: 19/56 MP: 6/24
 12801 | D:10     | Found Wunarphaa's Antique Weapon Boutique.
 13135 | D:10     | Noticed a death yak
 13136 | D:10     | Noticed a death yak
 13321 | D:10     | Found a staircase to the Lair.
 13553 | D:11     | Noticed a purple ugly thing
 13700 | D:10     | Slain by a yak

Illustrated notes

Levels and vault maps discovered:
D:1:      dpeg_arrival_stonehenge_8_columns, layout_loops_ring, serial_forest,
          infiniplex_forest_straight_4, infiniplex_forest_lined_3_way,
          infiniplex_forest_clump_cross, infiniplex_forest_split,
          infiniplex_forest_zigzag_1, infiniplex_forest_lined_3
D:2:      layout_loops_corners, minivault_26, grunt_ministairs_10,
          minmay_lizard_pond
D:3:      layout_loops_cross, uniq_ijyb
D:4:      layout_basic
D:5:      layout_basic, cheibrodos_sewer_entry_drain,
          hangedman_abyss_or_decor_lesser_grid
D:6:      minmay_chambers_of_fours, layout_basic, old_standard_altar,
          uniq_blork_the_orc
D:7:      layout_loops_ring, minmay_temple_entry_proselytizer, trog_book
D:8:      layout_cave_pools, uniq_joseph
D:9:      layout_irregular_city, orc_0_dummy, serial_column_ruins,
          column_ruins_open_tiny, column_ruins_grid_1, column_ruins_columns_T,
          column_ruins_grid_1, column_ruins_grid_2, uniq_maurice, uniq_psyche,
          uniq_maggie
D:10:     layout_gridville, dpeg_lair_monsters, serial_shops, shop
D:11:     layout_cave_pools, chequers_mini_garden, kennysheep_doodads,
          uniq_erolcha
Temple:   nicolae_temple_the_god_donut

Skill      XL: |  1  2  3  4  5  6  7  8  9 10 11 |
---------------+----------------------------------+-----
Fighting       | 1 2 3 4 5 |  5.5
Spellcasting   | 3 4 6 7 8 |  8.7
Conjurations   | 5 6 7 |  7.2
Dodging        | 2 3 4 |  4.4
Stealth        | 3 |  3.5
Evocations     | 1 2 4 6 |  6.6
Unarmed Combat | 1 |  1.0
Shields        | 1 3 4 |  4.0
Staves         | 1 2 3 |  3.3
Invocations    | 2 3 4 |  4.0
Translocations | |  0.3

Action                   |  1- 3 |  4- 6 |  7- 9 | 10-12 || total
-------------------------+-------+-------+-------+-------++-------
Melee: Unarmed           |     9 |    49 |    18 |       ||    76
       Bite              |     4 |    12 |    24 |    20 ||    60
       Staff             |       |       |    99 |    73 ||   172
 Cast: Magic Dart        |    36 |   133 |    80 |    38 ||   287
       Searing Ray       |     1 |    19 |    39 |    14 ||    73
       Iskenderun's Myst |       |       |     1 |     8 ||     9
Evoke: Staff of Olgreb   |       |       |   111 |    56 ||   167
       Wand              |       |       |     6 |       ||     6
  Use: Scroll            |     2 |     1 |    10 |     9 ||    22
       Potion            |       |       |       |     5 ||     5
 Stab: Sleeping          |     1 |       |     1 |       ||     2
       Paralysed         |       |       |     2 |       ||     2
Armor: Robe              |       |    24 |    40 |     4 ||    68
       Steam dragon scal |       |       |       |     9 ||     9
Dodge: Dodged            |     6 |    76 |    97 |    59 ||   238
Block: Buckler           |       |       |    20 |    20 ||    40

Table legend: (Time is in decaauts)
 A = Elapsed time spent in this place.
 B = Non-inter-level travel time spent in this place.
 C = Inter-level travel time spent in this place.
 D = Time resting spent in this place.
 E = Time spent auto-exploring this place.
 F = Levels seen in this place.
 G = Mean time per level.
                   A        B        C        D        E       F      G
               +--------+--------+--------+--------+--------+-----+--------+
         Total |  14600 |  14233 |    367 |   1910 |   9886 |  13 | 1123.1 |
       Dungeon |  13589 |  13222 |    367 |   1864 |   9082 |  11 | 1235.4 |
        Temple |     38 |     38 |      0 |      0 |     16 |   1 |   38.0 |
         Sewer |    971 |    971 |      0 |     46 |    787 |   1 |  971.0 |
               +--------+--------+--------+--------+--------+-----+--------+

Top non-repeatable levels by time:
     D:9: 1893 daAuts
     D:6: 1573 daAuts
     D:8: 1482 daAuts
     D:4: 1400 daAuts
     D:3: 1309 daAuts
     D:7: 1284 daAuts
     D:2: 1152 daAuts
     D:1: 1121 daAuts
    D:10: 1109 daAuts
     D:5: 1083 daAuts
   Sewer: 971 daAuts
    D:11: 178 daAuts
  Temple: 38 daAuts
